 Seeded DCSS version 0.30.0-29-ga12c61a403 (webtiles) character file.

Game seed: 7229806256980976716 (custom seed)

1 OTABOTABOTAB the Skirmisher (level 1, 20/20 HPs)
             Began as a Gnoll Hunter on June 25, 2023.
             Quit the game on level 1 of the Dungeon.
             The game lasted 00:00:28 (53 turns).

OTABOTABOTAB the Skirmisher (Gnoll Hunter)            Turns: 53, Time: 00:00:28

Health: 20/20      AC:  3    Str: 10    XL:     1   Next: 20%
Magic:  1/1        EV: 13    Int:  8    God:
Gold:   17         SH:  0    Dex: 15    Spells: 0/0 levels left

rFire   . . .        a - +0 shortbow
rCold   . . .        (shield currently unavailable)
rNeg    . . .        c - +0 leather armour
rPois   .            (no helmet)
rElec   .            (no cloak)
rCorr   .            (no gloves)
SInv    .            (no boots)
Will    .....        (no amulet)
Stlth   ++           (no ring)
HPRegen 0.23/turn    (no ring)
MPRegen 0.07/turn

%: no passive effects
@: no status effects
A: fangs 1, strong nose, distributed training
a: no special abilities


You were on level 1 of the Dungeon.
You visited 1 branch of the dungeon, and saw 1 of its levels.

You collected 17 gold pieces.

Inventory:

Hand Weapons
 a - a +0 shortbow (weapon)
Armour
 c - a +0 leather armour (worn)
Scrolls
 b - 2 scrolls of amnesia {unknown}
 K - a scroll of immolation {!r}


   Skills:
 + Level 4.4 Fighting
 + Level 0.0 Short Blades
 + Level 0.0 Long Blades
 + Level 0.0 Axes
 + Level 0.0 Maces & Flails
 + Level 0.0 Polearms
 + Level 0.0 Staves
 + Level 8.4 Ranged Weapons
 + Level 0.0 Throwing
 + Level 0.0 Armour
 + Level 4.4 Dodging
 + Level 2.1 Stealth
 + Level 0.0 Shields
 + Level 0.0 Unarmed Combat
 + Level 0.0 Spellcasting
 + Level 0.0 Conjurations
 + Level 0.0 Hexes
 + Level 0.0 Summonings
 + Level 0.0 Necromancy
 + Level 0.0 Translocations
 + Level 0.0 Transmutations
 + Level 0.0 Fire Magic
 + Level 0.0 Ice Magic
 + Level 0.0 Air Magic
 + Level 0.0 Earth Magic
 + Level 0.0 Poison Magic
 + Level 0.0 Invocations
 + Level 0.0 Evocations


You couldn't memorise any spells.
You didn't know any spells.
Your spell library was empty.

Dungeon Overview and Level Annotations

Branches:
Dungeon (1/15)

Altars:


Innate Abilities, Weirdness & Mutations

You have very sharp teeth.
Your uncanny sense of smell can sniff out nearby items.
Your experience applies equally to all skills.


Message History

Bad channel name 'Jiyva says' for runrest: 'Jiyva says: Divide and consume' Welcome, OTABOTABOTAB the Gnoll Hunter.
Game seed: 7229806256980976716 (custom seed)
Found a faded altar of an unknown god.
Found two stairs.
You open the door.
There is an open door here.
You now have 17 gold pieces.
b - 2 scrolls labelled FUSKUR VIKLOEP A quokka comes into view.
You shoot an arrow.
The arrow hits the quokka but does no damage.
You shoot an arrow. The arrow hits the quokka.
You shoot an arrow.
The arrow hits the quokka but does no damage.
You shoot an arrow. The arrow hits the quokka!
You kill the quokka!
d - 3 scrolls labelled RAGIOR NADERHA This is a scroll of acquirement!
Something appears at your feet! Something appears at your feet!
Something appears at your feet!
Okay, then.

############.#
#.# #.# #.# ∆
##########.#
#..........# #
#.##########
#(#######.#
#..@......#
###########


There were no monsters in sight!

Vanquished Creatures
  A quokka (D:1)
1 creature vanquished.

Notes
Turn   | Place    | Note
-------+----------+-------------------------------------------
     0 | D:1      | OTABOTABOTAB the Gnoll Hunter began the quest for the Orb.
     0 | D:1      | Reached XP level 1. HP: 20/20 MP: 1/1
    50 | D:1      | Identified 3 scrolls of acquirement
    50 | D:1      | Acquired 1205 gold pieces
    51 | D:1      | Acquired 1042 gold pieces
    52 | D:1      | Acquired 1076 gold pieces
    53 | D:1      | Quit the game

Illustrated notes

Levels and vault maps discovered:
D:1:      spicycebolla_arrival_ecumenical, layout_loops_ring

Action                     || total
---------------------------++-------
   Fire: Shortbow          ||     4
    Use: Scroll            ||     3

Levels and vault maps discovered:
D:1:      spicycebolla_arrival_ecumenical, layout_loops_ring

Table legend: (Time is in decaauts)
 A = Elapsed time spent in this place.
 B = Non-inter-level travel time spent in this place.
 C = Inter-level travel time spent in this place.
 D = Time resting spent in this place.
 E = Time spent auto-exploring this place.
 F = Levels seen in this place.
 G = Mean time per level.
                   A        B        C        D        E       F      G
               +--------+--------+--------+--------+--------+-----+--------+
         Total |     53 |     53 |      0 |      0 |     22 |   1 |   53.0 |
       Dungeon |     53 |     53 |      0 |      0 |     22 |   1 |   53.0 |
               +--------+--------+--------+--------+--------+-----+--------+

Top non-repeatable levels by time:
     D:1: 53 daAuts

Table legend:
 A = Kills in this place as a percentage of kills in the entire game.
 B = Kills by you in this place as a percentage of kills by you in the entire game.
 C = Kills by friends in this place as a percentage of kills by friends in the entire game.
 D = Other kills in this place as a percentage of other kills in the entire game.
 E = Experience gained in this place as a percentage of experience gained in the entire game.
 F = Experience gained in this place divided by the number of levels of this place that you have seen.
                   A       B       C       D       E      F
               +-------+-------+-------+-------+-------+----------------------
         Total | 100.0 | 100.0 |   N/A |   N/A | 100.0 |   2.0
       Dungeon | 100.0 | 100.0 |   N/A |   N/A | 100.0 |   2.0
               +-------+-------+-------+-------+-------+----------------------
